 Dungeon Crawl Stone Soup version 0.31-a0-536-ga3e2962e35 (webtiles) character file.

Game seed: 1323424191077356967

67 BritishOli the Trooper (level 4, 37/37 HPs)
             Began as a Demonspawn Fighter on Aug 13, 2023.
             Got out of the dungeon alive.
             The game lasted 00:01:00 (1199 turns).

BritishOli the Trooper (Demonspawn Fighter)         Turns: 1199, Time: 00:01:00

Health: 37/37      AC:  8    Str: 18    XL:     4   Next: 0%
Magic:  4/4        EV:  9    Int: 10    God:
Gold:   83         SH:  4    Dex: 12    Spells: 3/3 levels left

rFire   . . .        a - +0 war axe
rCold   . . .        c - +0 buckler
rNeg    . . .        b - +0 scale mail
rPois   .            (no helmet)
rElec   .            (no cloak)
rCorr   .            (no gloves)
SInv    .            (no boots)
Will    .....        (no amulet) Stlth
                     (no ring)
HPRegen 0.26/turn    (no ring)
MPRegen 0.18/turn

%: no passive effects
@: no status effects
A: hooves 1, icy blue scales 1, magic regeneration
a: no special abilities


You escaped.
You visited 1 branch of the dungeon, and saw 3 of its levels.

You collected 83 gold pieces.

Inventory:

Hand Weapons
 a - a +0 war axe (weapon)
Armour
 b - a +0 scale mail (worn)
 c - a +0 buckler (worn)
Jewellery
 e - a ring of flight
Scrolls
 f - 2 scrolls of teleportation {unknown}
 i - 2 scrolls of identify {unknown}
 k - a scroll of vulnerability {unknown}
 m - a scroll of revelation {unknown}
 n - a scroll of fog {unknown}
Potions
 d - a potion of might
 g - 2 potions of curing {unknown}
 h - a potion of haste {unknown}
 j - 2 potions of degeneration {unknown}
 l - a potion of resistance {unknown}
 o - a potion of brilliance {unknown}


   Skills:
 + Level 3.7 Fighting
 + Level 2.7 Axes
 - Level 3.0 Armour
 - Level 3.0 Shields


You had 3 spell levels left.
You didn't know any spells.
Your spell library contained the following spells:

 Spells                   Type           Power      Damage    Failure   Level
 Sandblast                Erth           0%         2d4       83%         1
 Sting                    Tmut/Pois      0%         1d3       83%         1
 Cigotuvi's Dreadful Rot  Necr/Pois/Air  0%         N/A       92%         2
 Passwall                 Tmut/Erth      0%         N/A       92%         2
 Poisonous Vapours        Pois/Air       0%         N/A       92%         2
 Ignite Poison            Fire/Tmut/Pois 0%         N/A       99%         3
 Ozocubu's Armour         Ice            0%         N/A       99%         3
 Stone Arrow              Conj/Erth      0%         3d7       99%         3
 Olgreb's Toxic Radiance  Pois           0%         N/A       100%        4
 Freezing Cloud           Conj/Ice/Air   0%         6-21      100%        5
 Metabolic Englaciation   Hex/Ice        0%         N/A       100%        5
 Simulacrum               Ice/Necr       0%         N/A       100%        6


Dungeon Overview and Level Annotations

Branches:
Dungeon (3/15)

Altars:


Innate Abilities, Weirdness & Mutations

You have large cloven feet.
You are partially covered in icy blue scales. (AC +2)
You regenerate magic rapidly.


Message History

* * * LOW HITPOINT WARNING * * *
You block the gnoll's attack. The gnoll hits you but does no damage.
Unknown command.
You are too injured to fight recklessly!
You are too injured to fight recklessly!
The gnoll attacks as you move away! The gnoll barely misses you.
The gnoll attacks as you move away! The gnoll hits you but does no damage.
There is a stone staircase leading up here.
The gnoll barely misses you.
You climb upwards.
There is a stone staircase leading down here.
You barely miss the gnoll. Your kick misses the gnoll.
The gnoll is heavily wounded.
The gnoll barely misses you.
You hit the gnoll.
The gnoll is severely wounded.
You block the gnoll's attack. x2
You barely miss the gnoll. You kick the gnoll.
The gnoll is severely wounded.
The gnoll closely misses you.
You slash the gnoll!
You kill the gnoll!
You have reached level 4!
You feel clever.
Your demonic ancestry asserts itself...
Your magic begins to regenerate rapidly.
There is a stone staircase leading up here.
You climb upwards.
There is a stone staircase leading down here.
Okay, then.
Okay, then.
Okay, then.
Okay, then.
There is an open door here.
There is a large open door here.
There is a large open door here.
You see here a +0 robe.
There is an open door here.
HP restored.
There is a staircase leading out of the dungeon here.
You have escaped!

#...# #.. #...# #.. #####
#.. #.. ###### ######
###### #..
##....####....####....##
##.
##......##......##......#
#.
###..###..##..##..##..##..#
#. #...##
#..##..#.@..#..##..# #.
..### #..##..#....#..##..#
#. .##
#..##..##..##..##..#### #.
.# #......##......##.....#
#. .#
##....####....####....# #.
.# ###### ###### ####.# #.
(#
####################.###.
.#
##........................
.##
#.....#.###.############.#


There were no monsters in sight!

Vanquished Creatures
  An adder (D:2)
  2 gnolls
  3 dart slugs
  6 ball pythons
  3 bats (D:1)
  3 endoplasms
  A goblin (D:2)
  3 hobgoblins (D:1)
  4 frilled lizards
  6 kobolds
  4 rats
36 creatures vanquished.

Notes
Turn   | Place    | Note
-------+----------+-------------------------------------------
     0 | D:1      | BritishOli the Demonspawn Fighter began the quest for the
                  | Orb.
     0 | D:1      | Reached XP level 1. HP: 18/18 MP: 1/1
   127 | D:1      | Gained mutation: You have large cloven feet. [demonic
                  | ancestry]
   127 | D:1      | Reached XP level 2. HP: 21/24 MP: 2/2
   752 | D:2      | Gained mutation: You are partially covered in icy blue
                  | scales. (AC +2) [demonic ancestry]
   752 | D:2      | Reached XP level 3. HP: 29/29 MP: 3/3
  1108 | D:2      | Gained mutation: You regenerate magic rapidly. [demonic
                  | ancestry]
  1108 | D:2      | Reached XP level 4. HP: 14/37 MP: 4/4
  1199 | D:$      | Got out of the dungeon alive.

Illustrated notes

Levels and vault maps discovered:
D:1:      minmay_arrival_wavy_path, layout_basic, minmay_pentomino_w4
D:2:      layout_rooms, guppyfry_early_lair_pool
D:3:      layout_rooms, nicolae_ru_the_path_less_chosen,
          gammafunk_temple_overflow_elements, serial_glass, glass_columns_b,
          glass_columns_a, glass_columns_b, glass_columns_a, glass_columns_b,
          glass_columns_b, minmay_strange_pillars, due_unseen_surprise,
          minmay_strange_pillars, minmay_strange_pillars, bh_walls_and_bars

Skill      XL: |  1  2 |
---------------+-------+-----
Axes           | 2 |  2.7
Shields        | 3 |  3.0
Armour         | 3 |  3.0
Fighting       | |  3.7

Action                     |  1- 3 |  4- 6 || total
---------------------------+-------+-------++-------
  Melee: War axe           |    86 |       ||    86
         Kick              |    12 |       ||    12
 Armour: Scale mail        |    48 |       ||    48
  Dodge: Dodged            |    49 |       ||    49
  Block: Buckler           |    24 |       ||    24

Table legend: (Time is in decaauts)
 A = Elapsed time spent in this place.
 B = Non-inter-level travel time spent in this place.
 C = Inter-level travel time spent in this place.
 D = Time resting spent in this place.
 E = Time spent auto-exploring this place.
 F = Levels seen in this place.
 G = Mean time per level.
                   A        B        C        D        E       F      G
               +--------+--------+--------+--------+--------+-----+--------+
         Total |   1237 |   1110 |    127 |      0 |    853 |   3 |  412.3 |
       Dungeon |   1237 |   1110 |    127 |      0 |    853 |   3 |  412.3 |
               +--------+--------+--------+--------+--------+-----+--------+

Top non-repeatable levels by time:
     D:1: 745 daAuts
     D:2: 469 daAuts
     D:3: 23 daAuts
